 Dungeon Crawl Stone Soup version 0.31.0-2-g5a2aebc5c2 (webtiles) character file.

Game seed: 15730352313232265521

549 Luthien the Conjurer (level 7, -3/40 HPs)
             Began as a Deep Elf Conjurer on Jan 20, 2024.
             Slain by a killer bee (6 damage)
             ... on level 5 of the Dungeon.
             The game lasted 00:16:05 (5751 turns).

Luthien the Conjurer (Deep Elf Conjurer)            Turns: 5751, Time: 00:16:07

Health: -3/40      AC:  5    Str:  4    XL:     7   Next: 7%
Magic:  16/16      EV: 13    Int: 25    God:
Gold:   178        SH:  0    Dex: 13    Spells: 9/16 levels left

rFire   . . .        c - +0 sling
rCold   . . .        (no shield)
rNeg    . . .        (no body armour)
rPois   .            q - +2 hat
rElec   .            (no cloak)
rCorr   .            s - +2 pair of gloves
SInv    .            (no boots)
Will    .....        (no amulet)
Stlth   ++           (no ring)
HPRegen 0.26/turn    (no ring)
MPRegen 0.15/turn

%: no passive effects
@: lethally poisoned (-3 -> -12)
A: no striking features
a: no special abilities


You were on level 5 of the Dungeon.
You visited 1 branch of the dungeon, and saw 5 of its levels.

You collected 178 gold pieces.

Inventory:

Hand Weapons
 c - a +0 sling (weapon)
Missiles
 f - 54 stones
 k - 6 poisoned darts
 u - 3 javelins
Armour
 a - a +0 robe
 m - the +0 buckler of the Garden {*Corrode Str-5 Dex+9 Slay+2}
   (You found it on level 2 of the Dungeon)

   Str-5:     It affects your strength (-5).
   Dex+9:     It affects your dexterity (+9).
   Slay+2:    It affects your accuracy & damage with ranged weapons and melee
   (+2).
   *Corrode:  It may corrode you when you take damage.
 q - a +2 hat (worn)
 s - a +2 pair of gloves (worn)
 t - a +0 leather armour
Magical Staves
 v - a staff of death
Wands
 y - a wand of flame (18)
Scrolls
 e - a scroll of fear {unknown}
 h - 3 scrolls of enchant armour {unknown}
 i - a scroll of vulnerability {unknown}
 j - a scroll of identify {unknown}
 p - 2 scrolls of blinking {unknown}
 r - a scroll of poison {unknown}
 x - a scroll of teleportation {unknown}
 z - 2 scrolls of revelation {unknown}
Potions
 b - 2 potions of magic
 d - 2 potions of lignification {unknown}
 g - a potion of haste {unknown}
 l - a potion of brilliance {unknown}
 n - 2 potions of enlightenment {unknown}
 o - 2 potions of curing {unknown}
 w - a potion of attraction {unknown}
 A - a potion of degeneration {unknown}


   Skills:
 + Level 2.5 Fighting
 - Level 3.4 Dodging
 - Level 3.7 Stealth
 - Level 5.0 Spellcasting
 + Level 6.3 Conjurations
 + Level 2.9 Alchemy


You had 9 spell levels left.
You knew the following spells:

 Your Spells              Type           Power      Damage    Failure   Level
a - Magic Dart            Conj           100%       1d8       1%          1
b - Searing Ray           Conj           74%        2d7       1%          2
p - Fulminant Prism       Conj/Alch      14%        3d9       12%         4

Your spell library contained the following spells:

 Spells                   Type           Power      Damage    Failure   Level
 Iskenderun's Mystic Bla  Conj/Tloc      22%        2d6       22%         4
 Fugue of the Fallen      Necr           6%         N/A       24%         3
 Ozocubu's Armour         Ice            6%         N/A       24%         3
 Manifold Assault         Tloc           6%         N/A       63%         4


Dungeon Overview and Level Annotations

Branches:
Dungeon (5/15)
 Temple: D:4-7

Altars:
Fedhas
Hepliaklqana
Kikubaaqudgha
Trog
Yredelemnul
Zin

Shops:
D:1 ([?*

Annotations:
D:4 1 runed translucent door, unihiutale's ghost, novice HuWn


Message History

Press: ? - help, Dir - move target You conjure a prism of explosive energy!
A fulminant prism comes into view.
You feel sick. The killer bee closely misses you. The killer bee stings you.
You are more poisoned.
The killer bee poisons you!
The killer bee stings your fulminant prism but does no damage.
The killer bee stings you.
You are more poisoned.
The killer bee poisons you! The killer bee barely misses you.
The killer bee stings your fulminant prism but does no damage.
A killer bee comes into view.
You feel very sick.
The killer bee completely misses your fulminant prism.
The killer bee attacks as it pursues you!
The killer bee closely misses you. The killer bee barely misses you.
Your fulminant prism crackles loudly.
You feel very sick. The killer bee misses you.
The killer bee closely misses you. The killer bee stings you.
* * * LOW HITPOINT WARNING * * *
Your fulminant prism explodes!
The blast of energy engulfs the killer bee!
The killer bee is severely wounded.
The blast of energy engulfs the killer bee!!
You kill the killer bee!
The blast of energy engulfs the killer bee!
You kill the killer bee!
You have reached level 7!
Unknown command.
Unknown command.
Unknown command.
Unknown command.
Magic courses through your body.
* * * LOW HITPOINT WARNING * * *
You feel sick. The killer bee stings you.
* * * LOW HITPOINT WARNING * * *
A scorpion comes into view.
The killer bee stings you.
You die...

≈~......#......#
~≈≈~.~≈≈~....s.#......#
~≈≈~.~≈~≈.............#
≈≈≈≈.≈≈≈~.............#
~≈~~.~~~~.......y..####
...................#
...............#...########
##...###.#.....#.†.##.....#
...........÷...y@..##.....#
##...##......###...##.....#
.............###..........#
###...........###.........#
..............# #.........#
..............# #........##
...##.........# #...##....#
#####.........# #...##....#
............#######.......#


You could see a scorpion and 2 killer bees.

Vanquished Creatures
  A scorpion (D:5)
  4 killer bees (D:5)
  A hound (D:4)
  4 iguanas (D:5)
  A sleepcap (D:2)
  3 gnolls (D:4)
  5 adders
  A white imp (D:5)
  3 dart slugs (D:2)
  4 orcs (D:5)
  2 bats (D:2)
  4 endoplasms
  A giant cockroach (D:2)
  6 hobgoblins
  8 jackals
  7 quokkas
  2 ball pythons
  3 frilled lizards (D:2)
  4 goblins
  4 kobolds
  7 rats
75 creatures vanquished.

Vanquished Creatures (others)
  3 fulminant prisms (D:5)
3 creatures vanquished.

Grand Total: 78 creatures vanquished

Notes
Turn   | Place    | Note
-------+----------+-------------------------------------------
     0 | D:1      | Luthien the Deep Elf Conjurer began the quest for the Orb.
     0 | D:1      | Reached XP level 1. HP: 10/10 MP: 6/6
   267 | D:1      | Found Aghoch's Magic Scroll Shoppe.
   320 | D:1      | Found Utum's Antique Weapon Shoppe.
   444 | D:1      | Found Lojisuc's Armour Shoppe.
   627 | D:1      | Found a faded altar of an unknown god.
   627 | D:1      | Noticed a sun demon
   766 | D:1      | Found Umeak's Assorted Antiques.
   885 | D:2      | Reached XP level 2. HP: 15/15 MP: 6/8
   888 | D:2      | Learned a level 2 spell: Searing Ray
  1250 | D:2      | Identified the +0 buckler of the Garden {*Corrode Str-5
                  | Dex+9 Slay+2}
  1257 | D:2      | Lost strength.
  1450 | D:2      | Reached XP level 3. HP: 19/19 MP: 1/10
  1775 | D:2      | Reached XP level 4. HP: 20/24 MP: 7/11
  2270 | D:3      | Reached skill level 5 in Conjurations
  2488 | D:3      | Found an ancient bone altar of Kikubaaqudgha.
  2504 | D:3      | Found a bloodstained altar of Trog.
  2867 | D:3      | Found a hazy altar of Hepliaklqana.
  2867 | D:3      | Found a glowing silver altar of Zin.
  2868 | D:3      | Found a basalt altar of Yredelemnul.
  3446 | D:4      | Found a runed translucent door.
  3570 | D:4      | Reached XP level 5. HP: 28/28 MP: 5/13
  3761 | D:4      | Reached skill level 1 in Fighting
  4298 | D:4      | Noticed unihiutale's ghost (novice HuWn)
  4337 | D:5      | Entered Level 5 of the Dungeon
  4392 | D:5      | Learned a level 4 spell: Fulminant Prism
  5301 | D:5      | Reached skill level 5 in Spellcasting
  5301 | D:5      | Reached skill level 1 in Alchemy
  5301 | D:5      | Reached XP level 6. HP: 24/35 MP: 4/15
  5411 | D:5      | Found a blossoming altar of Fedhas.
  5713 | D:5      | Reached skill level 6 in Conjurations
  5751 | D:5      | Reached XP level 7. HP: 10/40 MP: 2/16
  5751 | D:5      | Slain by a killer bee

Illustrated notes

Levels and vault maps discovered:
D:1:      dpeg_arrival_short_road, layout_loops_ring, serial_shops, shop,
          nicolae_shop_real_fake_doors, nicolae_shop_stone,
          nicolae_shop_back_alley_shop, dreamdust_ecumenical_altar_sealed_demon
D:2:      layout_rooms, roderic_serpentine_path, minivault_14,
          kennysheep_generic_room_13
D:3:      layout_loops_corners, gammafunk_temple_overflow_claw,
          mainiacjoe_overflow_large_starburst
D:4:      layout_loops_ring, ebering_ghost_reflecting_pool, kennysheep_nub
D:5:      lemuel_ice_spiral_2, layout_basic, tgw_fedhas, minivault_14

Skill      XL: |  1  2  3  4  5  6 |
---------------+-------------------+-----
Stealth        | 3 |  3.7
Dodging        | 3 |  3.4
Spellcasting   | 4 5 |  5.0
Conjurations   | 5 6 |  6.3
Fighting       | 1 2 |  2.5
Alchemy        | 1 2 |  2.9

Action                     |  1- 3 |  4- 6 |  7- 9 || total
---------------------------+-------+-------+-------++-------
   Cast: Magic Dart        |    31 |    66 |       ||    97
         Searing Ray       |     8 |    25 |       ||    33
         Fulminant Prism   |       |     3 |       ||     3
    Use: Potion            |       |       |     1 ||     1
 Armour: Robe              |     4 |       |       ||     4
         Leather armour    |       |     3 |       ||     3
         Skin              |       |     7 |     2 ||     9
  Dodge: Dodged            |     3 |    17 |       ||    20
